Map: Ever Dream LE

Players

liquidthermy (uThermal)

  • Race: Terran Terran
  • Spawn Location: 1:00

LiquidClem (Clem) - Winner!

  • Race: Terran Terran
  • League: Master
  • Spawn Location: 7:00

Event: Shopify TSL 5

VOD

Have the link to the VOD?

Description

Time

  • Played on: May 24, 2020, 2:26 p.m.
  • Length: 5:31

All games in this series

Show
View Real Time Build Order
Export as new Build Order

liquidthermy Terran 

Build Orders:  

Get SALT Encoding   

  12  0:01  SCV  
  13  0:13  SCV  
  14  0:17  Supply Depot  
  14  0:25  SCV  
  14  0:27  Refinery  
  15  0:38  SCV  
  16  0:44  Barracks  
  16  0:50  SCV  
  16  0:53  Refinery  
  17  1:03  SCV  
  18  1:15  SCV  
  19  1:31  Orbital Command, Reaper  
  20  1:36  Factory  
  20  1:45  Supply Depot  
  20  1:56  SCV  
  21  2:03  Reaper  
  22  2:08  SCV  
  23  2:20  Hellion  
  23  2:21  SCV  
  26  2:29  Command Center  
  26  2:33  SCV  
  26  2:35  Barracks Reactor  
  27  2:45  SCV  
  27  2:47  Starport  
  28  2:51  Supply Depot  
  28  2:54  Widow Mine  
  28  2:58  SCV  
  31  3:10  SCV  
  31  3:12  Marine x2  
  31  3:16  Factory Tech Lab  
  33  3:22  SCV  
  34  3:29  Medivac  
  34  3:30  Marine x2  
  39  3:34  SCV  
  39  3:41  Cyclone, Orbital Command  
  39  3:46  SCV  
  39  3:48  Marine x2  
  43  3:54  Refinery  
  45  3:58  SCV  
  45  4:00  Starport Tech Lab  
  46  4:05  Supply Depot  
  46  4:06  SCV  
  46  4:07  Marine x2  
  49  4:10  SCV  
  50  4:18  SCV, Raven  
  50  4:21  Supply Depot  
  53  4:24  SCV  
  53  4:27  Marine x2  
  56  4:32  SCV, Supply Depot  
  57  4:43  SCV  
  59  4:46  Siege Tank  
  62  4:53  SCV  
  62  4:55  SCV  
  54  5:05  SCV  
  54  5:07  SCV  
  43  5:17  SCV  
  43  5:19  SCV  
Show
View Real Time Build Order
Export as new Build Order

LiquidClem Terran - Winner!

Build Orders:  

Get SALT Encoding   

  12  0:00  SCV  
  13  0:12  SCV  
  14  0:16  Supply Depot  
  14  0:24  SCV  
  14  0:27  Refinery  
  15  0:38  SCV  
  16  0:43  Barracks  
  16  0:50  SCV  
  16  0:53  Refinery  
  17  1:02  SCV  
  18  1:14  SCV  
  19  1:29  Orbital Command  
  19  1:30  Reaper  
  20  1:37  Factory  
  20  1:42  Supply Depot  
  20  1:55  SCV  
  21  2:02  Reaper  
  21  2:07  SCV  
  23  2:19  SCV  
  23  2:20  Hellion  
  26  2:25  Command Center  
  26  2:32  Supply Depot  
  26  2:33  SCV  
  27  2:42  Starport  
  29  2:44  Hellion  
  29  2:47  Barracks Reactor  
  29  2:50  SCV  
  30  3:02  SCV  
  31  3:06  Factory Tech Lab  
  31  3:14  SCV  
  32  3:23  Marine x2  
  32  3:25  Siege Tank, Medivac  
  32  3:26  Refinery  
  39  3:37  SCV, Orbital Command  
  39  3:41  Marine x2  
  42  3:49  SCV  
  43  3:58  Starport Tech Lab, Cyclone, Marine x2  
  43  4:01  SCV  
  49  4:03  Supply Depot  
  49  4:05  SCV  
  50  4:13  SCV  
  50  4:16  Marine x2  
  53  4:22  Supply Depot  
  53  4:23  SCV  
  54  4:25  SCV, Raven  
  57  4:34  Marine  
  57  4:35  SCV  
  57  4:36  Siege Tank  
  57  4:38  SCV  
  60  4:45  Marine  
  59  4:47  SCV  
  59  4:52  SCV, Marine  
  59  4:59  SCV  
  56  5:02  Marine  
  56  5:05  SCV  
  57  5:11  Marine  
  57  5:12  SCV  
  58  5:17  SCV  
Tags
 
League
Master
Matchup
TvT
Race
Terran
Spawn Locations
Cross Positions
Add a new tag
Caveats
  • Supply blocks, unpowered buildings, or Contaminate may cause inaccurate times.
  • Supply counts are checked every 10 seconds.